 Dungeon Crawl Stone Soup version 0.20.1-1-g8b1a95d (webtiles) character file.

6751 letownia2 the Reanimator (level 10, -1/87 HPs)
             Began as a Deep Dwarf Necromancer on Nov 29, 2017.
             Was an Initiate of Gozag.
             Killed from afar by Maurice (19 damage)
             ... with a wand of lightning (?/15)
             ... on level 9 of the Dungeon.
             The game lasted 00:24:22 (7697 turns).

letownia2 the Reanimator (Deep Dwarf Necromancer)   Turns: 7697, Time: 00:24:22

Health: -1/87      AC:  8    Str: 14    XL:     10   Next: 75%
Magic:  9/31       EV: 10    Int: 22    God:    Gozag
Gold:   1535       SH:  0    Dex: 13    Spells: 22/26 levels left

rFire    . . .     SeeInvis .   a - +8 falchion "Nisuhas" {flame, rC+}
rCold    + . .     Gourm    .   (no shield)
rNeg     . . .     Faith    .   y - +0 scale mail
rPois    .         Spirit   .   (no helmet)
rElec    .         Reflect  .   (no cloak)
rCorr    .         Harm     +   C - +0 pair of gloves
MR       +....                  (no boots)
Stlth    +.........             b - amulet of harm
Regen    0.0/turn               F - ring of magical power
MPRegen  0.3/turn               d - +5 ring of intelligence

@: gold aura, non-regenerating
A: damage resistance, heal wounds, sense surroundings 2, no regeneration
a: Heal Wounds, Potion Petition, Call Merchant, Bribe Branch, Renounce Religion


You were on level 9 of the Dungeon.
You worshipped Gozag.
Gozag was most pleased with you.
You were not hungry.

You visited 2 branches of the dungeon, and saw 10 of its levels.

You collected 1581 gold pieces.
You paid 46 gold pieces to Gozag.

Inventory:

Hand Weapons
 a - the +8 falchion "Nisuhas" (weapon) {flame, rC+}
   (You found it on level 4 of the Dungeon)

   It has been specially enchanted to burn those struck by it, causing extra
   injury to most foes and up to half again as much damage against particularly
   susceptible opponents.
   Big, fiery blades are also staple armaments of hydra-hunters.
   It protects you from cold.
 c - a +0 blowgun
 l - a +2 long sword of venom
 N - a +0 broad axe
 O - a +1 falchion of pain
Missiles
 x - 2 tomahawks (quivered)
 D - 23 poisoned needles
Armour
 p - the +0 leather armour of Istim {MR+}
   (You took it off an orc on level 7 of the Dungeon)

   It affects your resistance to hostile enchantments.
 y - a +0 scale mail (worn)
 C - a +0 pair of gloves (worn)
 H - a +0 ring mail
Magical Staves
 t - an uncursed staff of conjuration
 M - an uncursed staff of wizardry
Jewellery
 b - an amulet of harm (around neck)
 d - a +5 ring of intelligence (right hand)
 F - a ring of magical power (left hand)
 P - an uncursed ring of ice
Wands
 m - a wand of flame (5/48)
 J - a wand of random effects (25/48)
Scrolls
 i - 7 scrolls of identify
 j - 6 scrolls of teleportation
 n - 4 scrolls of remove curse
 q - 3 scrolls of enchant weapon {unknown}
 r - a scroll of blinking {unknown}
 v - 4 scrolls of enchant armour {unknown}
 w - 5 scrolls of noise {unknown}
 z - a scroll of recharging {unknown}
 B - 2 scrolls of magic mapping {unknown}
Potions
 e - 3 potions of heal wounds {unknown}
 f - a potion of berserk rage
 g - a potion of cancellation
 k - 2 potions of lignification {unknown}
 s - 2 potions of mutation {unknown}
 u - 3 potions of haste {unknown}
 A - 2 potions of flight {unknown}
 G - a potion of ambrosia {unknown}
 K - 5 potions of curing {unknown}
 L - 2 potions of might {unknown}
Comestibles
 o - 6 royal jellies
 E - 10 bread rations


   Skills:
 - Level 4.6 Fighting
 - Level 5.1 Armour
 - Level 2.1 Dodging
 - Level 2.4 Stealth
 - Level 8.5 Spellcasting
 - Level 12.5 Necromancy
 + Level 2.1 Evocations


You had 22 spell levels left.
You knew the following spells:

 Your Spells              Type           Power        Failure   Level  Hunger
a - Pain                  Necr           ####         1%          1    None
v - Vampiric Draining     Necr           ######....   1%          3    None


Dungeon Overview and Level Annotations

Branches:
Dungeon (9/15)             Temple (1/1) D:4            Lair (0/6) D:9
    Orc: D:9-12

Altars:
Ashenzari
Cheibriados
Dithmenos
Elyvilon
Fedhas
Gozag
Hepliaklqana
Kikubaaqudgha
Makhleb
Nemelex Xobeh
Okawaru
Qazlal
Sif Muna
Trog
Vehumet
Yredelemnul
Zin
The Shining One

Shops:
D:7 ?   D:8 *[(?

Annotations:
D:8 WiZmei's ghost, novice HOFi
D:9 Maurice


Innate Abilities, Weirdness & Mutations

You are resistant to damage.
You can heal yourself by infusing magical energy.
You passively map the area around you.
You do not regenerate.


Message History

The centaur is heavily wounded.
You feel life coursing into your body.
The centaur hits you but does no damage.
The centaur hits you.
Maurice zaps a wand.
The bolt of lightning hits you!
* * * LOW HITPOINT WARNING * * *
Unknown command.
Unknown command.
Unknown command.
Unknown command.
Casting: Vampiric Draining
Confirm with . or Enter, or press ? or * to list all spells.
Aiming: Vampiric Draining
Press: ? - help, Shift-Dir - straight line, f/p - centaur
Aim: a centaur (heavily wounded)
You kill the centaur!
Your Evocations skill increases to level 2!
You feel life coursing into your body.
Maurice zaps a wand.
The bolt of lightning hits you!
You die...
Your body crumbles into a pile of gold.

#### ##############...
#................
#(............... ,
########(..#'#####......
≈,....@..@...#.....#......
≈.....$....#.....#..)...
≈**
≈######....#.....#...<..
,,,#....#.....#..####
$,,#....#.....#..#### ,
,,,#....#.....#.....# *
*,,> #....+.....#..##.#
**** #....#####........ *,
, ,.........≈....≈


You could see Maurice.

Vanquished Creatures
  A two-headed ogre (D:8)
  The ghost of Frank the Slasher, a novice OpFi (D:6)
  The ghost of Frank the Slasher, a novice OpFi (D:5)
  A troll (D:9)
  A queen bee (D:8)
  A wyvern (D:9)
  Grum (D:8)
  A water moccasin (D:5)
  2 black bears
  4 orc warriors
  2 sky beasts
  An eye of draining (D:9)
  A phantom (D:6)
  A centaur (D:9)
  5 ogres
  4 wolves
  2 big kobolds (D:7)
  3 bullfrogs
  4 scorpions
  16 killer bees (D:8)
  5 wights (D:7)
  4 electric eels
  4 howler monkeys
  2 bullfrog zombies
  6 hounds
  2 jellies
  3 crimson imps (D:8)
  2 orc priests
  A bullfrog skeleton (D:5)
  A gnoll shaman (D:8)
  2 iguanas
  5 orc wizards
  7 worker ants
  A hound skeleton (D:7)
  7 gnolls
  A howler monkey skeleton (D:8)
  12 adders
  An adder zombie (D:8)
  An ooze (D:1)
  3 adder skeletons
  A worm (D:2)
  A dart slug (D:1)
  5 leopard geckos
  16 orcs
  8 bats
  3 giant cockroaches
  8 goblins
  2 hobgoblins
  8 jackals
  3 quokkas
  2 ball pythons
  5 frilled lizards
  13 kobolds
  A quokka skeleton (D:6)
  11 rats
210 creatures vanquished.

Vanquished Creatures (others)
  A human (D:5)
1 creature vanquished.

Grand Total: 211 creatures vanquished

Notes
Turn   | Place    | Note
-------+----------+-------------------------------------------
     0 | D:1      | letownia2 the Deep Dwarf Necromancer began the quest for the Orb.
     0 | D:1      | Reached XP level 1. HP: 15/15 MP: 3/3
    88 | D:2      | Found a stormy altar of Qazlal.
   210 | D:2      | Found a snail-covered altar of Cheibriados.
   253 | D:2      | Reached XP level 2. HP: 20/22 MP: 1/5
   527 | D:3      | Reached XP level 3. HP: 19/28 MP: 3/6
   532 | D:3      | Learned a level 3 spell: Vampiric Draining
   576 | D:3      | Found a burning altar of Makhleb.
   612 | D:4      | Reached skill level 5 in Necromancy
   612 | D:4      | Reached XP level 4. HP: 15/36 MP: 0/8
   704 | D:4      | Found a staircase to the Ecumenical Temple.
   725 | Temple   | Entered the Ecumenical Temple
   763 | Temple   | Became a worshipper of Gozag Ym Sagoz the Greedy
   832 | D:4      | Got an ebony falchion
   833 | D:4      | Identified the +8 falchion "Nisuhas" {flame, rC+} (You found it on level 4 of the Dungeon)
   982 | D:4      | Reached skill level 6 in Necromancy
   982 | D:4      | Reached XP level 5. HP: 11/42 MP: 3/9
  2178 | D:3      | Found a blossoming altar of Fedhas.
  2332 | D:3      | Found a sparkling altar of Nemelex Xobeh.
  2535 | D:3      | Reached skill level 1 in Fighting
  2535 | D:3      | Reached XP level 6. HP: 22/51 MP: 3/10
  2841 | D:4      | Found a shattered altar of Ashenzari.
  2846 | D:4      | Found a bloodstained altar of Trog.
  2847 | D:4      | Found an ancient bone altar of Kikubaaqudgha.
  2847 | D:4      | Found a shadowy altar of Dithmenos.
  2853 | D:4      | Found a glowing golden altar of the Shining One.
  2966 | D:5      | Entered Level 5 of the Dungeon
  2977 | D:5      | Reached skill level 7 in Necromancy
  2995 | D:5      | Found an ancient bone altar of Kikubaaqudgha.
  2996 | D:5      | Noticed a human
  2999 | D:5      | Killed a human
  3014 | D:5      | Noticed Frank's ghost (novice OpFi)
  3020 | D:5      | Noticed a water moccasin
  3035 | D:5      | Killed a water moccasin
  3222 | D:4      | Reached skill level 8 in Necromancy
  3440 | D:5      | Found a radiant altar of Vehumet.
  3601 | D:5      | Reached XP level 7. HP: 49/57 MP: 4/12
  3660 | D:5      | Killed Frank's ghost
  3980 | D:5      | Reached skill level 5 in Spellcasting
  4168 | D:6      | Noticed Frank's ghost (novice OpFi)
  4322 | D:6      | Reached XP level 8. HP: 58/64 MP: 3/16
  4685 | D:6      | Killed Frank's ghost
  5219 | D:7      | Gained mutation: You passively map the area around you. [Deep Dwarf growth]
  5219 | D:7      | Reached XP level 9. HP: 32/70 MP: 14/21
  5256 | D:7      | Reached skill level 1 in Armour
  5606 | D:7      | Got a smoking leather armour
  5782 | D:7      | Reached skill level 9 in Necromancy
  5820 | D:7      | Found Quonnaps's Magic Scroll Emporium.
  5999 | D:8      | Found Xifel's Magic Scroll Boutique.
  6171 | D:8      | Noticed a queen bee
  6228 | D:8      | Found Sommistri's Weapon Shop.
  6228 | D:8      | Found Nuss's General Store.
  6237 | D:8      | Found Harum's Antique Armour Boutique.
  6319 | D:8      | Reached XP level 10. HP: 72/87 MP: 13/22
  6320 | D:8      | Noticed Grum
  6335 | D:8      | Reached skill level 5 in Armour
  6340 | D:8      | Killed Grum
  6400 | D:8      | Reached skill level 10 in Necromancy
  6687 | D:8      | Noticed WiZmei's ghost (novice HOFi)
  7091 | D:8      | Noticed a two-headed ogre
  7103 | D:8      | Killed a two-headed ogre
  7103 | D:8      | Reached skill level 11 in Necromancy
  7466 | D:8      | Identified the cursed +0 leather armour of Istim {MR+} (You took it off an orc on level 7 of the Dungeon)
  7517 | D:9      | Reached skill level 12 in Necromancy
  7655 | D:9      | Found a staircase to the Lair.
  7670 | D:9      | Reached skill level 1 in Evocations
  7686 | D:9      | Noticed Maurice
  7697 | D:9      | Killed from afar by Maurice

Skill      XL: |  1  2  3  4  5  6  7  8  9 10 |
---------------+-------------------------------+-----
Spellcasting   | 2 3 5 8 |  8.5
Necromancy     | 5 6 8 9 12 | 12.5
Fighting       | 1 4 |  4.6
Armour         | 4 5 |  5.1
Evocations     | 2 |  2.1
Dodging        | |  2.1
Stealth        | |  2.4

Action                   |  1- 3 |  4- 6 |  7- 9 | 10-12 || total
-------------------------+-------+-------+-------+-------++-------
Melee: Dagger            |     2 |       |       |       ||     2
       Falchion          |       |    11 |   159 |    62 ||   232
Throw: Tomahawk          |       |       |     4 |       ||     4
 Cast: Pain              |    29 |    79 |    26 |     7 ||   141
       Vampiric Draining |       |    15 |    74 |    66 ||   155
Evoke: Wand              |       |       |     3 |     3 ||     6
  Use: Scroll            |       |     1 |     4 |     1 ||     6
 Stab: Sleeping          |       |     2 |     2 |       ||     4
       Distracted        |       |       |     2 |     1 ||     3
  Eat: Meat ration       |       |     2 |     1 |       ||     3
       Royal jelly       |       |       |     3 |     3 ||     6
Armor: Robe              |     4 |       |       |       ||     4
       Leather armour    |     1 |     3 |       |       ||     4
       Ring mail         |       |    10 |    76 |    29 ||   115
       Scale mail        |       |       |       |    12 ||    12
Dodge: Dodged            |    21 |    26 |   157 |    83 ||   287
       Rpst.: Falchion   |       |    11 |    46 |    27 ||    84
